 Seeded DCSS version 0.29-a0-344-ge2f44be95a (webtiles) character file.

Game seed: 1450950038153131384 (custom seed)

44 zeratav the Firebug (level 3, -1/19 HPs)
             Began as a Deep Elf Fire Elementalist on Apr 21, 2022.
             Succumbed to a kobold's poison
             ... on level 2 of the Dungeon.
             The game lasted 00:01:56 (1474 turns).

zeratav the Firebug (Deep Elf Fire Elementalist)    Turns: 1474, Time: 00:01:56

Health: -1/19      AC:  2    Str:  5    XL:     3   Next: 39%
Magic:  2/9        EV: 12    Int: 21    God:
Gold:   30         SH:  0    Dex: 15    Spells: 5/8 levels left

rFire   . . .      SeeInvis .   d - +0 great sword (freeze) {long}
rCold   . . .      Faith    .   (shield currently unavailable)
rNeg    . . .      Spirit   .   a - +0 robe
rPois   .          Reflect  .   (no helmet)
rElec   .          Harm     .   (no cloak)
rCorr   .          Rampage  .   (no gloves)
Will    .....                   (no boots)
Stlth   ++........              (no amulet)
HPRegen 0.06/turn               (no ring)
MPRegen 0.11/turn               (no ring)

@: lethally poisoned (-1 -> -12)
A: no striking features
a: no special abilities


You were on level 2 of the Dungeon.
You visited 1 branch of the dungeon, and saw 2 of its levels.

You collected 30 gold pieces.


   Skills:
 - Level 2.4 Dodging
 - Level 2.4 Stealth
 - Level 3.0 Spellcasting
 - Level 1.1 Conjurations
 + Level 5.0 Fire Magic


You had 5 spell levels left.
You knew the following spells:

 Your Spells              Type           Power      Damage    Failure   Level
a - Foxfire               Conj/Fire      60%        2x1d7     3%          1
b - Scorch                Fire           48%        2d7       2%          2

Your spell library contained the following spells:

 Spells                   Type           Power      Damage    Failure   Level
 Conjure Flame            Conj/Fire      15%        6-21      12%         3
 Inner Flame              Hex/Fire       13%        N/A       14%         3
 Portal Projectile        Hex/Tloc       6%         N/A       36%         3
 Flame Wave               Conj/Fire      15%        2d6       36%         4
 Fireball                 Conj/Fire      7%         3d5       71%         5
 Blade Hands              Tmut           1%         N/A       98%         5
 Excruciating Wounds      Necr           1%         N/A       98%         5
 Starburst                Conj/Fire      7%         6d4       99%         6
 Ignition                 Fire           12%        3d6       100%        8

Inventory:

Hand Weapons
 d - a +0 great sword of freezing (weapon) {long}
   (You found it on level 1 of the Dungeon)
Armour
 a - a +0 robe (worn)
 c - a +0 leather armour
   (You found it on level 1 of the Dungeon)
Jewellery
 l - a +6 ring of dexterity
   (You found it on level 1 of the Dungeon)
Scrolls
 e - a scroll of teleportation {unknown}
 h - a scroll of enchant armour {unknown}
 i - 2 scrolls of identify {unknown}
Potions
 b - a potion of magic
 f - 2 potions of berserk rage {unknown}
 g - a potion of haste {unknown}
 j - a potion of degeneration {unknown}
 k - a potion of invisibility {unknown}
 m - a potion of attraction {unknown}
 n - a potion of flight {unknown}

Dungeon Overview and Level Annotations

Branches:
Dungeon (2/15)

Altars:

. ... #.....># .. ..
#......# ... #.
#.......
..#.###########.......
...............>....
#............###.#+
#............#....†
#............#.....
#)@....$.....#.....
#.SK.........##....
##.#######.#######.
.... ..# #. ..... ...#
#. ........ ...# ##
........ ...#
......... .#


You could see an adder and a kobold.


Message History

You see here 2 poisoned darts {throwing}.
Found a stone staircase leading down.
You see here a +0 trident {polearm}.
Found an escape hatch in the floor.
No target in view!
A ball python comes into view.
The ball python hisses angrily.
No target in view!
No target in view!
Flames lash the ball python.
You kill the ball python!
MP[-2]
You lost 2 mp, and now have 7/9 mp.
You see here a ball python corpse.
There is a stone staircase leading down here.
An adder comes into view.
MP[+2]
Your mp is fully restored (9).
Flames lash the adder.
The adder's fire resistance burns away.
The adder barely misses you.
MP[-2]
You lost 2 mp, and now have 7/9 mp.
Flames lash the adder.
The adder is burned terribly!
You kill the adder!
MP[-2]
You lost 2 mp, and now have 5/9 mp.
No target in view!
An endoplasm comes into view.
Flames lash the endoplasm.
You kill the endoplasm!
You hear a shout!
MP[-2]
You lost 2 mp, and now have 3/9 mp.
An endoplasm comes into view.
Flames lash the endoplasm.
You kill the endoplasm!
A ball python comes into view.
MP[-2]
You lost 2 mp, and now have 1/9 mp.
A kobold comes into view. It is wielding a +0 dagger.
MP[+1]
The ball python bites you. The ball python misses you.
HP[-2]
You take 2 damage, and now have 17/19 hp.
You slash the ball python!
The ball python seems to slow down.
You freeze the ball python.
You kill the ball python!
You can't see any susceptible monsters within range! (Use Z to cast anyway.)
A kobold comes into view. It is wielding a +0 dagger.
Flames lash the kobold but do no damage.
The kobold shouts!
You hear an angry hiss.
You hear a shout!
MP[-2]
You lost 2 mp, and now have 0/9 mp.
You barely miss the kobold.
An adder comes into view.
The kobold hits you with a +0 dagger. The kobold hits you but does no damage.
The adder moves out of view.
You are too injured to fight recklessly!
You are too injured to fight recklessly!
HP[-3]
You take 3 damage, and now have 14/19 hp.
You are too injured to fight recklessly!
You miss the kobold.
A bat comes into view.
The kobold hits you but does no damage. The kobold hits you with a +0 dagger.
The bat moves out of view.
HP[-4] MP[+1]
You take 4 damage, and now have 10/19 hp.
MASSIVE DAMAGE!! (PAUSE)
You closely miss the kobold.
A kobold comes into view. It is wielding a +1 dagger of venom.
The kobold hits you with a +0 dagger.
* * * LOW HITPOINT WARNING * * *
HP[-1]
You take 1 damage, and now have 9/19 hp.
The kobold shouts!
You slash the kobold! You freeze the kobold.
You kill the kobold!
The kobold hits you but does no damage.
Your Fire Magic skill increases to level 5!
You are too injured to fight recklessly!
You closely miss the adder. The adder closely misses you.
The adder bites you but does no damage. The kobold hits you with a +0 dagger.
* * * LOW HITPOINT WARNING * * *
The kobold barely misses you. The adder barely misses you.
HP[-2]
You take 2 damage, and now have 7/19 hp.
You barely miss the adder. The kobold hits you but does no damage.
The adder closely misses you.
The kobold hits you with a +1 dagger of venom.
* * * LOW HITPOINT WARNING * * *
You are lethally poisoned!
The adder bites you but does no damage. The kobold hits you with a +0 dagger.
* * * LOW HITPOINT WARNING * * *
HP[-4]
You take 4 damage, and now have 3/19 hp.
MASSIVE DAMAGE!! (PAUSE)
You slash the kobold! You freeze the kobold.
You kill the kobold!
You die...

Skill      XL: |  1  2  3 |
---------------+----------+-----
Fire Magic     | 4 5 |  5.0
Dodging        | |  2.4
Stealth        | |  2.4
Spellcasting   | |  3.0
Conjurations   | |  1.1

Action                   || total
-------------------------++-------
Melee: Great sword       ||    14
 Cast: Foxfire           ||    24
       Scorch            ||    20
Armor: Robe              ||     9
Dodge: Dodged            ||    18

Levels and vault maps discovered:
D:1:      minmay_arrival_three_doors, layout_loops_corners
D:2:      cheibrodos_helix_gallery, layout_basic,
          nicolae_ecumenical_lake_church, kennysheep_nub

Notes
Turn   | Place    | Note
-------+----------+-------------------------------------------
     0 | D:1      | zeratav the Deep Elf Fire Elementalist began the quest for
                  | the Orb.
     0 | D:1      | Reached XP level 1. HP: 10/10 MP: 6/6
     0 | D:1      | magus.rc [v1.9.6]
   369 | D:1      | Reached skill level 4 in Fire Magic
   369 | D:1      | Reached XP level 2. HP: 15/15 MP: 2/8
   443 | D:1      | Learned a level 2 spell: Scorch
   610 | D:1      | You pick up a book of Fire and begin reading...
   610 | D:1      | You add the spells Fireball, Starburst and Ignition to your
                  | library.
  1234 | D:1      | Reached XP level 3. HP: 19/19 MP: 4/9
  1287 | D:1      | You pick up a book of Weapons and begin reading...
  1287 | D:1      | You add the spells Portal Projectile, Excruciating Wounds
                  | and Blade Hands to your library.
  1472 | D:2      | Reached skill level 5 in Fire Magic
  1473 | D:2      | HP: 3/19 [kobold/+0 dagger (2)]
  1474 | D:2      | Succumbed to a kobold's poison

Vanquished Creatures
  An adder (D:2)
  A dart slug (D:1)
  A bat (D:1)
  4 endoplasms
  2 giant cockroaches (D:1)
  A goblin (D:1)
  3 hobgoblins (D:1)
  5 jackals (D:1)
  4 ball pythons
  2 frilled lizards (D:1)
  4 kobolds
  2 rats (D:1)
30 creatures vanquished.

Vanquished Creatures (others)
  37 foxfires (D:1)
37 creatures vanquished.

Grand Total: 67 creatures vanquished

Table legend:
 A = Non-vault XP
 B = Vault XP
 C = Vault XP percentage of total XP
 D = Non-vault monster count
 E = Vault monster count
 F = Vault count percentage of total count
                 A         B        C        D         E       F
            +---------+---------+-------+---------+---------+-------
      Total |      63 |       2 |   3.1 |      29 |       1 |   3.3
            +---------+---------+-------+---------+---------+-------
        D:1 |      41 |       0 |   0.0 |      23 |       0 |   0.0
        D:2 |      22 |       2 |   8.3 |       6 |       1 |  14.3
            +---------+---------+-------+---------+---------+-------

Illustrated notes

Table legend:
 A = Kills in this place as a percentage of kills in entire the game.
 B = Kills by you in this place as a percentage of kills by you in the entire game.
 C = Kills by friends in this place as a percentage of kills by friends in the entire game.
 D = Other kills in this place as a percentage of other kills in the entire game.
 E = Experience gained in this place as a percentage of experience gained in the entire game.
 F = Experience gained in this place divided by the number of levels of this place that you have seen.
                   A       B       C       D       E      F
               +-------+-------+-------+-------+-------+----------------------
         Total | 100.0 | 100.0 |   N/A |   N/A | 100.0 |  32.5
       Dungeon | 100.0 | 100.0 |   N/A |   N/A | 100.0 |  32.5
               +-------+-------+-------+-------+-------+----------------------

Table legend: (Time is in decaauts)
 A = Elapsed time spent in this place.
 B = Non-inter-level travel time spent in this place.
 C = Inter-level travel time spent in this place.
 D = Time resting spent in this place.
 E = Time spent auto-exploring this place.
 F = Levels seen in this place.
 G = Mean time per level.
                   A        B        C        D        E       F      G
               +--------+--------+--------+--------+--------+-----+--------+
         Total |   1482 |   1458 |     24 |      0 |   1303 |   2 |  741.0 |
       Dungeon |   1482 |   1458 |     24 |      0 |   1303 |   2 |  741.0 |
               +--------+--------+--------+--------+--------+-----+--------+

Top non-repeatable levels by time:
     D:1: 1364 daAuts
     D:2: 117 daAuts
